Map: King's Cove LE

Players

Snute - Winner!

  • Race: Zerg Zerg
  • Spawn Location: 5:00

Ryosis

  • Race: Zerg Zerg
  • Spawn Location: 11:00

Event: 2019 WCS Spring

VOD

Have the link to the VOD?

Description

Time

  • Played on: May 17, 2019, 11:57 a.m.
  • Length: 10:14

All games in this series

Show
View Real Time Build Order
Export as new Build Order

Snute Zerg - Winner!

Build Orders: 1 Base Baneling Bust, Pool First 

Get SALT Encoding   

  12  0:00  Drone  
  13  0:14  Extractor  
  12  0:25  Spawning Pool  
  11  0:29  Drone  
  11  0:34  Drone  
  13  0:38  Drone  
  14  0:50  Overlord  
  14  1:11  Zergling x2  
  14  1:12  Zergling x4  
  14  1:14  Metabolic Boost  
  17  1:23  Zergling x2  
  18  1:34  Zergling x2  
  18  1:35  Baneling Nest  
  18  1:44  Zergling x2  
  19  1:55  Zergling x2  
  20  2:12  Hatchery  
  19  2:18  Baneling x2  
  19  2:22  Zergling x2  
  20  2:25  Zergling x2  
  21  2:36  Overlord  
  21  2:39  Drone  
  20  2:55  Drone  
  20  3:02  Drone  
  20  3:18  Drone  
  20  3:24  Drone x2  
  20  3:26  Queen  
  21  3:32  Drone  
  22  3:37  Queen, Zergling x2  
  25  3:44  Zergling x2  
  25  3:46  Zergling x2  
  26  3:53  Zergling x2  
  27  3:56  Baneling x2  
  27  3:57  Zergling x2  
  27  4:01  Queen  
  30  4:05  Baneling  
  29  4:14  Drone x3  
  32  4:18  Drone  
  33  4:27  Overlord  
  33  4:28  Drone  
  34  4:33  Drone x2  
  36  4:45  Drone  
  37  4:48  Drone x4  
  37  4:49  Drone  
  42  4:54  Drone  
  42  4:58  Overlord  
  43  5:01  Overlord  
  43  5:11  Drone  
  43  5:12  Lair  
  44  5:15  Evolution Chamber  
  44  5:16  Drone x2  
  45  5:27  Hatchery  
  44  5:30  Extractor, Drone  
  44  5:32  Drone  
  45  5:36  Drone x2  
  45  5:37  Drone  
  45  5:41  Drone x2  
  50  5:45  Zerg Melee Weapons Level 1  
  50  5:50  Drone x3  
  53  5:58  Roach Warren  
  51  6:11  Extractor  
  50  6:13  Spine Crawler  
  50  6:16  Overlord  
  49  6:31  Spire  
  47  6:38  Roach x4  
  47  6:39  Roach x5  
  65  6:41  Roach  
  65  6:43  Overlord  
  65  6:45  Roach x2, Extractor  
  70  6:52  Roach x2  
  74  7:01  Overlord  
  74  7:04  Zergling x6  
  77  7:14  Zergling x8  
  77  7:15  Zergling x2  
  81  7:20  Ravager  
  81  7:21  Zergling x10  
  83  7:25  Zergling x2  
  83  7:26  Zergling x2  
  83  7:28  Roach  
  78  7:35  Roach x2  
  76  7:37  Baneling  
  76  7:39  Roach x2  
  76  7:42  Roach  
  69  7:45  Drone  
  69  7:46  Drone  
  71  7:51  Spire  
  71  7:53  Drone  
  71  7:56  Drone  
  71  7:57  Drone  
  73  7:59  Drone  
  73  8:03  Drone x2  
  76  8:08  Drone x2  
  75  8:13  Drone  
  75  8:15  Drone x2  
  75  8:16  Drone x2  
  75  8:18  Drone  
  78  8:23  Drone x2  
  78  8:25  Drone  
  80  8:29  Drone x2  
  79  8:34  Drone x2  
  79  8:37  Extractor  
  79  8:38  Extractor  
  79  8:39  Overlord x2  
  79  8:51  Overlord x2  
  79  9:04  Mutalisk x7  
  93  9:23  Drone x2  
  95  9:24  Drone  
  95  9:28  Hatchery  
  95  9:31  Infestation Pit  
  94  9:32  Mutalisk x2  
  94  9:37  Drone  
  99  9:40  Mutalisk  
  99  9:41  Mutalisk  
  99  9:43  Zergling x6  
  106  9:47  Zergling x6  
  109  9:56  Zergling x12  
Show
View Real Time Build Order
Export as new Build Order

Ryosis Zerg 

Build Orders: Hatch First 

Get SALT Encoding   

  12  0:00  Drone  
  13  0:12  Overlord  
  13  0:17  Drone  
  14  0:31  Drone x2  
  16  0:49  Hatchery  
  15  0:52  Drone  
  15  0:56  Drone  
  17  0:59  Drone  
  18  1:10  Extractor  
  17  1:15  Spawning Pool  
  17  1:18  Drone  
  17  1:21  Drone  
  18  1:27  Drone  
  19  1:38  Drone  
  20  1:49  Overlord  
  20  2:02  Queen x2, Zergling x4  
  26  2:12  Zergling x2  
  26  2:13  Spine Crawler  
  26  2:18  Zergling x2  
  26  2:21  Metabolic Boost  
  27  2:25  Zergling x2  
  28  2:31  Zergling x2  
  28  2:38  Zergling x4  
  29  2:45  Zergling x4  
  27  2:57  Zergling x4  
  24  3:04  Queen  
  25  3:09  Zergling x2  
  25  3:12  Zergling x2  
  25  3:15  Zergling x2  
  25  3:23  Zergling x2  
  25  3:24  Queen  
  27  3:31  Zergling x4  
  28  3:43  Drone x2  
  28  3:48  Spine Crawler  
  27  3:50  Drone  
  27  3:53  Drone  
  29  3:58  Drone  
  29  4:01  Drone  
  32  4:12  Drone  
  32  4:16  Drone  
  32  4:18  Drone x2  
  32  4:22  Drone  
  35  4:24  Overlord, Baneling Nest  
  34  4:31  Drone  
  34  4:37  Drone  
  36  4:39  Overlord  
  36  4:44  Drone x3  
  39  4:50  Zergling x4  
  40  4:55  Zergling x4  
  41  5:08  Hatchery, Extractor  
  41  5:09  Baneling x2  
  41  5:12  Drone  
  41  5:13  Drone  
  41  5:18  Drone x2  
  43  5:26  Roach Warren  
  43  5:27  Drone  
  43  5:28  Drone  
  44  5:35  Overlord  
  44  5:54  Overlord  
  41  6:06  Roach x5  
  41  6:07  Overlord  
  41  6:10  Overlord  
  50  6:13  Roach  
  50  6:14  Roach x3  
  58  6:21  Roach x2  
  62  6:26  Roach x2  
  62  6:30  Zergling x6  
  62  6:32  Zergling x2  
  68  6:36  Zergling x2  
  68  6:37  Zergling x2  
  70  6:40  Zergling x2  
  70  6:41  Zergling x2  
  70  6:42  Zergling x2  
  70  6:46  Zergling x2  
  74  6:48  Zergling x2  
  74  6:51  Zergling x2  
  76  6:54  Zergling x4  
  76  6:56  Ravager x2  
  76  6:58  Overlord  
  76  7:00  Zergling x2  
  81  7:01  Zergling x2  
  81  7:04  Baneling x2  
  81  7:05  Baneling  
  79  7:17  Zergling x2  
  79  7:18  Zergling x10  
  79  7:19  Baneling x2  
  79  7:20  Baneling x2  
  80  7:25  Zergling x4  
  73  7:30  Zergling x6  
  73  7:32  Ravager  
  73  7:33  Zergling x2  
  73  7:35  Zergling x2  
  56  7:45  Lair  
  56  7:47  Drone  
  56  7:50  Drone  
  56  7:57  Drone  
  56  7:58  Roach x4  
  62  8:02  Roach  
  62  8:03  Baneling x2  
  63  8:06  Drone x2  
  63  8:10  Extractor  
  63  8:11  Drone x2  
  62  8:16  Drone  
  62  8:19  Drone x2  
  59  8:22  Drone x2  
  59  8:24  Drone x2  
  60  8:30  Drone x2  
  61  8:35  Queen  
  61  8:38  Drone x2  
  61  8:40  Drone  
  65  8:44  Drone  
  66  8:50  Roach x2  
  66  8:52  Glial Reconstitution  
  70  8:56  Roach  
  70  8:57  Roach  
  70  9:01  Roach, Drone  
  76  9:05  Roach x2  
  80  9:11  Roach x2, Extractor  
  83  9:17  Roach  
  83  9:18  Overlord  
  83  9:22  Overlord  
  83  9:23  Roach  
  89  9:24  Roach  
  89  9:32  Overlord  
  89  9:37  Roach x4  
  97  9:41  Roach x2  
  97  9:42  Roach  
  103  9:46  Roach  
  103  9:50  Roach x2  
  107  9:53  Roach  
  107  9:54  Roach  
Tags
 
Add a new tag
Caveats
  • Supply blocks, unpowered buildings, or Contaminate may cause inaccurate times.
  • Supply counts are checked every 10 seconds.